ITL
UTICA UNICORNS @ HAVANA ROLLERS
08/09/2028
 
TOP OF THE 1ST
Utica Unicorns batting - Pitching for Havana Rollers : LHP Dennis Taylor
Pitching: LHP Dennis Taylor
Batting: LHB Jesús Raugel 0-0: Called Strike
0-1: Ball
1-1: Ball
2-1: Foul Ball, location: 2F
2-2: Foul Ball, location: 2F
2-2: Ball
3-2: Foul Ball, location: 2F
3-2: SINGLE (Groundball, 5D)
Batting: RHB Mitsuoki Taguchi 0-0: Ball
1-0: Ball
2-0: SINGLE (Line Drive, 9LS)
Jesús Raugel to second
Runner from 2nd tries for 3rd, SAFE, throw made to third
Batting: LHB Sixto Cantú 0-0: Ball
1-0: Ball
2-0: Ball
3-0: Called Strike
3-1: Foul Ball, location: 2F
3-2: Strikes out swinging
Mitsuoki Taguchi is caught stealing 2nd base
Batter strikes out.
Batting: RHB Gerald Burnett 0-0: Ball
1-0: Foul Ball, location: 2F
1-1: Called Strike
1-2: Ball
2-2: Strikes out swinging
Top of the 1st over - 0 run(s), 2 hit(s), 0 error(s), 1 left on base; Utica 0 - Havana 0
BOTTOM OF THE 1ST
Havana Rollers batting - Pitching for Utica Unicorns : LHP Miguel Galván
Pitching: LHP Miguel Galván
Batting: RHB Jesús Villalobos 0-0: Ball
1-0: Swinging Strike
1-1: Ball
2-1: Foul Ball, location: 2F
2-2: Ball
3-2: Ground out 6-3 (Groundball, 6)
Batting: RHB Francisco Rincón 0-0: Ball
1-0: Called Strike
1-1: Swinging Strike
1-2: Ground out 5-3 (Groundball, 5L)
Batting: SHB Edgardo Osorio 0-0: Ball
1-0: Foul Ball, location: 2F
1-1: Ball
2-1: Foul Ball, location: 2F
2-2: Foul Ball, location: 2F
2-2: Foul Ball, location: 2F
2-2: Ball
3-2: Strikes out swinging
Bottom of the 1st over - 0 run(s), 0 hit(s), 0 error(s), 0 left on base; Utica 0 - Havana 0
TOP OF THE 2ND
Utica Unicorns batting - Pitching for Havana Rollers : LHP Dennis Taylor
Batting: LHB José Román 0-0: Foul Ball, location: 2F
0-1: Ball
1-1: Called Strike
1-2: Strikes out looking
Batting: RHB Danny Crouch 0-0: Ball
1-0: Ball
2-0: Reached on error, E5 (Groundball, 56)
Batting: RHB José Velázquez 0-0: Ball
1-0: Ball
2-0: Ball
3-0: Called Strike
3-1: Grounds into double play, 6-4-3 (Groundball, 6)
Top of the 2nd over - 0 run(s), 0 hit(s), 1 error(s), 0 left on base; Utica 0 - Havana 0
BOTTOM OF THE 2ND
Havana Rollers batting - Pitching for Utica Unicorns : LHP Miguel Galván
Batting: RHB Soshu Nakamura 0-0: Called Strike
0-1: Called Strike
0-2: Ball
1-2: Foul Ball, location: 2F
1-2: Strikes out swinging
Batting: SHB Pepe Pińa 0-0: SINGLE (Line Drive, 89S)
Batting: LHB Enrique Cortéz 0-0: Swinging Strike
0-1: Ball
1-1: Ball
2-1: Fly out, F4 (Popup, 4D)
Batting: RHB Luis Aguilar 0-0: Ball
1-0: Foul Ball, location: 2F
1-1: Foul Ball, location: 2F
1-2: Ball
2-2: Ball
3-2: Strikes out looking
Bottom of the 2nd over - 0 run(s), 1 hit(s), 0 error(s), 1 left on base; Utica 0 - Havana 0
TOP OF THE 3RD
Utica Unicorns batting - Pitching for Havana Rollers : LHP Dennis Taylor
Batting: RHB Franklin Shaw 0-0: Foul Ball, location: 2F
0-1: Fly out, F8 (Flyball, 89S)
Batting: RHB Manny Ramírez 0-0: Fly out, F9 (Flyball, 9S)
Batting: LHB Jesús Raugel 0-0: Called Strike
0-1: Ball
1-1: Foul Ball, location: 2F
1-2: Fly out, F8 (Flyball, 8RM)
Top of the 3rd over - 0 run(s), 0 hit(s), 0 error(s), 0 left on base; Utica 0 - Havana 0
BOTTOM OF THE 3RD
Havana Rollers batting - Pitching for Utica Unicorns : LHP Miguel Galván
Batting: SHB Yasuhiro Ikarashi 0-0: Called Strike
0-1: Ball
1-1: Ball
2-1: Swinging Strike
2-2: DOUBLE (Line Drive, 8LXD)
Batting: LHB José Torres 0-0: Swinging Strike
0-1: Ball
1-1: Called Strike
1-2: Ball
2-2: Strikes out swinging
Batting: RHB Jesús Villalobos 0-0: Called Strike
0-1: Ball
1-1: Foul Ball, location: 2F
1-2: Fly out, F8 (Flyball, 8RM)
Batting: RHB Francisco Rincón 0-0: Ground out 6-3 (Groundball, 6)
Bottom of the 3rd over - 0 run(s), 1 hit(s), 0 error(s), 1 left on base; Utica 0 - Havana 0
TOP OF THE 4TH
Utica Unicorns batting - Pitching for Havana Rollers : LHP Dennis Taylor
Batting: RHB Mitsuoki Taguchi 0-0: Called Strike
0-1: Ball
1-1: Foul Ball, location: 2F
1-2: Strikes out swinging
Batting: LHB Sixto Cantú 0-0: Called Strike
0-1: Called Strike
0-2: Strikes out swinging
Batting: RHB Gerald Burnett 0-0: Called Strike
0-1: SINGLE (Line Drive, 34D)
Batting: LHB José Román 0-0: Ball
1-0: Called Strike
1-1: Fly out, F7 (Flyball, 7LS)
Top of the 4th over - 0 run(s), 1 hit(s), 0 error(s), 1 left on base; Utica 0 - Havana 0
BOTTOM OF THE 4TH
Havana Rollers batting - Pitching for Utica Unicorns : LHP Miguel Galván
Batting: SHB Edgardo Osorio 0-0: Ball
1-0: Fly out, F5 (Popup, 5L)
Batting: RHB Soshu Nakamura 0-0: Called Strike
0-1: Ground out 5-3 (Groundball, 5S)
Batting: SHB Pepe Pińa 0-0: Ball
1-0: Foul Ball, location: 2F
1-1: Called Strike
1-2: SINGLE (Line Drive, 34)
Batting: LHB Enrique Cortéz 0-0: Called Strike
0-1: Ball
1-1: Swinging Strike
1-2: Fielders Choice at 2nd, 6-4 (Groundball, 6)
Bottom of the 4th over - 0 run(s), 1 hit(s), 0 error(s), 0 left on base; Utica 0 - Havana 0
TOP OF THE 5TH
Utica Unicorns batting - Pitching for Havana Rollers : LHP Dennis Taylor
Batting: RHB Danny Crouch 0-0: Ball
1-0: Ball
2-0: SINGLE (Flyball, 8LS)
Batting: RHB José Velázquez 0-0: Called Strike
0-1: Ball
Pickoff Throw to First - Error! E1
Danny Crouch to second
1-1: Foul Ball, location: 2F
1-2: Ground out 6-3 (Groundball, 6)
Batting: RHB Franklin Shaw 0-0: Foul Ball, location: 2F
0-1: Ball
1-1: Ball
2-1: SINGLE (Groundball, 6D)
Danny Crouch to third
Runner from 3rd tries for Home, SAFE, throw made home
Batting: RHB Manny Ramírez 0-0: Called Strike
0-1: Called Strike
0-2: Ball
1-2: Ball
2-2: Grounds into double play, 6-4-3 (Groundball, 6)
Top of the 5th over - 1 run(s), 2 hit(s), 1 error(s), 0 left on base; Utica 1 - Havana 0
BOTTOM OF THE 5TH
Havana Rollers batting - Pitching for Utica Unicorns : LHP Miguel Galván
Batting: RHB Luis Aguilar 0-0: Ball
1-0: Ball
2-0: Ball
3-0: Called Strike
3-1: Base on Balls
Batting: SHB Yasuhiro Ikarashi 0-0: Ball
1-0: Ball
2-0: Ball
3-0: Base on Balls
Luis Aguilar to second
Batting: LHB José Torres 0-0: Ball
1-0: Swinging Strike
1-1: Called Strike
1-2: Ball
2-2: Foul Ball, location: 2F
2-2: Foul Ball, location: 2F
2-2: Strikes out swinging
Batting: RHB Jesús Villalobos 0-0: Fly out, F7 (Flyball, 7S)
Batting: RHB Francisco Rincón 0-0: Ball
1-0: Foul Ball, location: 2F
1-1: Fly out, F8 (Flyball, 78M)
Bottom of the 5th over - 0 run(s), 0 hit(s), 0 error(s), 2 left on base; Utica 1 - Havana 0
TOP OF THE 6TH
Utica Unicorns batting - Pitching for Havana Rollers : LHP Dennis Taylor
Batting: LHB Jesús Raugel 0-0: Called Strike
0-1: Ball
1-1: Foul Ball, location: 2F
1-2: Fly out, F7 (Flyball, 7S)
Batting: RHB Mitsuoki Taguchi 0-0: Called Strike
0-1: Ball
1-1: Swinging Strike
1-2: Strikes out swinging
Batting: LHB Sixto Cantú 0-0: Ball
1-0: Ball
2-0: SOLO HOME RUN (Line Drive, 9LD), Distance : 352 ft
Batting: RHB Gerald Burnett 0-0: Ball
1-0: Ground out 6-3 (Groundball, 6MD)
Top of the 6th over - 1 run(s), 1 hit(s), 0 error(s), 0 left on base; Utica 2 - Havana 0
BOTTOM OF THE 6TH
Havana Rollers batting - Pitching for Utica Unicorns : LHP Miguel Galván
Batting: SHB Edgardo Osorio 0-0: Foul Ball, location: 2F
0-1: Ball
1-1: Swinging Strike
1-2: Ball
2-2: Foul Ball, location: 2F
2-2: Foul Ball, location: 2F
2-2: Ball
3-2: Base on Balls
Batting: RHB Soshu Nakamura 0-0: Ball
1-0: 2-RUN HOME RUN (Flyball, 7D), Distance : 368 ft
Batting: SHB Pepe Pińa 0-0: Foul Ball, location: 2F
0-1: Ball
1-1: DOUBLE (Flyball, 9D)
Pitching: RHP Grant Jackson
Batting: LHB Enrique Cortéz 0-0: Called Strike
0-1: DOUBLE (Line Drive, 89M)
Pepe Pińa scores
Batting: RHB Luis Aguilar 0-0: Ball
1-0: Fly out, F9 (Flyball, 9S)
Batting: SHB Yasuhiro Ikarashi 0-0: Ball
1-0: Foul Ball, location: 2F
1-1: Ball
2-1: Ball
3-1: Called Strike
3-2: Base on Balls
Batting: LHB José Torres 0-0: Called Strike
0-1: Ball
1-1: Ball
2-1: Swinging Strike
2-2: Ball
3-2: Strikes out swinging
Batting: RHB Jesús Villalobos 0-0: Ball
1-0: Ball
2-0: Ball
3-0: Called Strike
3-1: Foul Ball, location: 2F
3-2: Ground out 6-3 (Groundball, 6M)
Bottom of the 6th over - 3 run(s), 3 hit(s), 0 error(s), 2 left on base; Utica 2 - Havana 3
TOP OF THE 7TH
Utica Unicorns batting - Pitching for Havana Rollers : LHP Dennis Taylor
Pitching: RHP Augusto Muńíz
Batting: LHB José Román 0-0: Ball
1-0: Foul Ball, location: 2F
1-1: SINGLE (Groundball, 4D)
Pinch Hitting: LHB Mitchell Oglethorpe 0-0: Ball
1-0: Sac Bunt - play at first, batter OUT! 5-3
José Román to second
Batting: RHB José Velázquez 0-0: Ball
1-0: Fly out, F6 (Line Drive, 6MD)
Batting: RHB Franklin Shaw 0-0: SINGLE (Groundball, 4MD)
José Román to third
Runner from 3rd tries for Home, SAFE, throw made home
Batting: RHB Manny Ramírez 0-0: Ball
1-0: Called Strike
1-1: Foul Ball, location: 2F
1-2: Foul Ball, location: 2F
1-2: Ground out 5-3 (Groundball, 56S)
Top of the 7th over - 1 run(s), 2 hit(s), 0 error(s), 1 left on base; Utica 3 - Havana 3
BOTTOM OF THE 7TH
Havana Rollers batting - Pitching for Utica Unicorns : RHP Grant Jackson
Now at 3B: Raúl Morales
Pinch Hitting: LHB Jimmy Husted 0-0: Fly out, F8 (Flyball, 8LS)
Batting: SHB Edgardo Osorio 0-0: Swinging Strike
0-1: Swinging Strike
0-2: Foul Ball, location: 2F
0-2: Foul Ball, location: 2F
0-2: Foul Ball, location: 2F
0-2: Hit by Pitch
Batting: RHB Soshu Nakamura 0-0: Ball
1-0: Ball
Edgardo Osorio steals 2nd base
2-0: Ball
3-0: Base on Balls
Batting: SHB Pepe Pińa 0-0: Swinging Strike
0-1: Swinging Strike
0-2: Foul Ball, location: 2F
0-2: Foul Ball, location: 2F
0-2: Fly out, F7 (Flyball, 7LSF)
Batting: LHB Enrique Cortéz 0-0: Foul Ball, location: 2F
0-1: Ball
1-1: Foul Ball, location: 2F
1-2: Foul Ball, location: 2F
1-2: Fielders Choice at 2nd, 4-6 (Groundball, 34)
Bottom of the 7th over - 0 run(s), 0 hit(s), 0 error(s), 1 left on base; Utica 3 - Havana 3
TOP OF THE 8TH
Utica Unicorns batting - Pitching for Havana Rollers : RHP Augusto Muńíz
Now in LF: Jimmy Husted
Batting: LHB Jesús Raugel 0-0: Ball
1-0: Ball
2-0: Foul Ball, location: 2F
2-1: Foul Ball, location: 2F
2-2: Foul Ball, location: 2F
2-2: Ball
3-2: Ground out 4-3 (Groundball, 4)
Batting: RHB Mitsuoki Taguchi 0-0: Fly out, F9 (Flyball, 89D)
Batting: LHB Sixto Cantú 0-0: Ball
1-0: Ground out 6-3 (Groundball, 6)
Top of the 8th over - 0 run(s), 0 hit(s), 0 error(s), 0 left on base; Utica 3 - Havana 3
BOTTOM OF THE 8TH
Havana Rollers batting - Pitching for Utica Unicorns : RHP Grant Jackson
Batting: RHB Luis Aguilar 0-0: Ball
1-0: Called Strike
1-1: Ball
2-1: Foul Ball, location: 2F
2-2: Ball
3-2: Foul Ball, location: 2F
3-2: Base on Balls
Pitching: RHP Patrick Doyle
Batting: SHB Yasuhiro Ikarashi 0-0: Called Strike
0-1: Swinging Strike
0-2: Foul Ball, location: 2F
0-2: Ball
1-2: Foul Ball, location: 2F
1-2: Ball
2-2: Foul Ball, location: 2F
2-2: Foul Ball, location: 2F
2-2: Strikes out looking
Batting: LHB José Torres 0-0: Ball
1-0: Called Strike
1-1: Swinging Strike
1-2: Foul Ball, location: 2F
1-2: Foul Ball, location: 2F
1-2: Strikes out swinging
Batting: RHB Jesús Villalobos 0-0: Called Strike
0-1: Ball
1-1: Ball
2-1: Foul Ball, location: 2F
2-2: Ball
3-2: Base on Balls
Luis Aguilar to second
Batting: LHB Jimmy Husted 0-0: Called Strike
0-1: Foul Ball, location: 2F
0-2: Strikes out swinging
Bottom of the 8th over - 0 run(s), 0 hit(s), 0 error(s), 2 left on base; Utica 3 - Havana 3
TOP OF THE 9TH
Utica Unicorns batting - Pitching for Havana Rollers : RHP Augusto Muńíz
Pitching: RHP Brad Sharpe
Batting: RHB Gerald Burnett 0-0: SINGLE (Line Drive, 9S)
Batting: LHB José Román 0-0: Ball
1-0: Called Strike
1-1: Ball
Balk!
Gerald Burnett to second
2-1: Intentional Walk
Batting: LHB Raúl Morales 0-0: Foul Ball, location: 2F
0-1: Bunted foul
0-2: Foul Ball, location: 2F
0-2: Ball
1-2: Ball
2-2: Fielders Choice at 2nd, 6-4 (Groundball, 6D)
Gerald Burnett to third
Batting: RHB José Velázquez 0-0: Called Strike
0-1: Ball
1-1: Ball
2-1: Called Strike
2-2: SINGLE (Flyball, 89S)
Gerald Burnett scores
Raúl Morales to second
Runner from 2nd tries for 3rd, SAFE, no throw
Batting: RHB Franklin Shaw 0-0: Called Strike
0-1: Foul Ball, location: 2F
0-2: Foul Ball, location: 2F
0-2: Ball
1-2: Foul Ball, location: 2F
1-2: Foul Ball, location: 2F
1-2: Foul Ball, location: 2F
1-2: Ball
2-2: Strikes out swinging
Batting: RHB Manny Ramírez 0-0: Ball
1-0: Ball
2-0: Called Strike
2-1: Foul Ball, location: 2F
2-2: Foul Ball, location: 2F
2-2: Foul Ball, location: 2F
2-2: Strikes out swinging
Top of the 9th over - 1 run(s), 2 hit(s), 0 error(s), 2 left on base; Utica 4 - Havana 3
BOTTOM OF THE 9TH
Havana Rollers batting - Pitching for Utica Unicorns : RHP Patrick Doyle
Pitching: RHP Claudio Rivera
Batting: SHB Edgardo Osorio 0-0: Ball
1-0: Ground out 6-3 (Groundball, 6)
Batting: RHB Soshu Nakamura 0-0: Hit by Pitch
Batting: SHB Pepe Pińa 0-0: Ball
1-0: Fly out, F2 (Popup, 34S)
Batting: LHB Enrique Cortéz 0-0: Fielders Choice at 2nd, 4-6 (Groundball, 4)
Bottom of the 9th over - 0 run(s), 0 hit(s), 0 error(s), 0 left on base; Utica 4 - Havana 3
Tuesday, August 8th, 2017 - OOTP Baseball 17.12 Build 75